[ AOE2 MATCH · #476410885 ]
UnrankedBohemians vs Bohemians
[ REPLAY ANALYSIS · EXTRACTED FROM THE RECORDED GAME ]
Feudal
10:46
Castle
14:31
Imperial
29:09
| APM avg | 33.2 |
| APM peak | 51 |
| eAPM avg | 16.2 |
| Villagers / military | 123 / 60 |
Focus
⚔️ 24.9% · 🌾 75.1%
Spearman ×52 · Bombard Cannon ×4 · Trebuchet (Packed) ×3 · Mangonel ×1
Feudal
10:57
Castle
14:30
Imperial
30:26
| APM avg | 39.2 |
| APM peak | 72 |
| eAPM avg | 22.6 |
| Villagers / military | 163 / 117 |
Focus
⚔️ 36.1% · 🌾 63.9%
Spearman ×98 · Bombard Cannon ×9 · Monk ×4 · Trebuchet (Packed) ×4 · Mangonel ×2
Feudal
11:12
Castle
16:16
Imperial
32:49
| APM avg | 39.3 |
| APM peak | 72 |
| eAPM avg | 18.9 |
| Villagers / military | 92 / 27 |
Focus
⚔️ 18.6% · 🌾 81.4%
Rattan Archer ×22 · Monk ×3 · Mangonel ×1 · Scorpion ×1
Feudal
9:27
Castle
13:51
Imperial
34:15
| APM avg | 49.4 |
| APM peak | 80 |
| eAPM avg | 20.7 |
| Villagers / military | 117 / 50 |
Focus
⚔️ 27.8% · 🌾 72.2%
Knight ×42 · Mangonel ×5 · Monk ×1 · Battering Ram ×1 · Scout Cavalry ×1
Match map
Initial resources + every placement click. Lines = walls · curves = elevation contours. ◆ gold · ⬟ stone · ● berries · ✦ relic · ◌ wall gap
Your base· ✓ Closed at 14:31 · 1t walls · 5 gate(s)
Abraham's base· ✓ Closed at 14:30 · 0t walls · 5 gate(s)
SgtEmilio's base· ✓ Closed at 16:16 · 0t walls · 4 gate(s)
[ECU] Phorcys's base· ✓ Closed at 13:51 · 0t walls · 7 gate(s)
Smoothed initial terrain · ◌ = detected wall gap · hover for details
Inputs per minute
— [ECU]MiTo - - Abraham
Build order — [ECU]MiTo
First 150 of 296 actions detected
| 0:03 | Queue | Villager (Male) ×4 |
| 0:03 | Queue | Villager (Male) ×4 |
| 0:05 | Build | House |
| 0:08 | Research | Loom |
| 0:11 | Build | House |
| 1:06 | Queue | Villager (Male) |
| 1:07 | Queue | Villager (Male) |
| 1:07 | Queue | Villager (Male) |
| 1:07 | Queue | Villager (Male) |
| 1:49 | Build | Lumber Camp |
| 1:56 | Queue | Villager (Male) |
| 1:57 | Queue | Villager (Male) |
| 1:57 | Queue | Villager (Male) |
| 2:30 | Queue | Villager (Male) |
| 2:45 | Queue | Villager (Male) |
| 3:17 | Queue | Villager (Male) |
| 3:48 | Queue | Villager (Male) |
| 3:51 | Build | House |
| 4:03 | Queue | Villager (Male) |
| 4:19 | Queue | Villager (Male) |
| 4:22 | Build | Mill |
| 5:04 | Build | House |
| 5:08 | Queue | Villager (Male) |
| 5:11 | Queue | Villager (Male) |
| 5:18 | Queue | Villager (Male) |
| 5:45 | Queue | Villager (Male) |
| 6:28 | Queue | Villager (Male) |
| 6:35 | Build | Mining Camp |
| 6:36 | Queue | Villager (Male) |
| 6:48 | Queue | Villager (Male) |
| 8:36 | Research | Feudal Age |
| 8:45 | Build | House |
| 9:31 | Build | Farm |
| 9:34 | Build | Farm |
| 10:11 | Build | Farm |
| 10:29 | Queue | Villager (Male) |
| 10:29 | Queue | Villager (Male) |
| 10:46 | Age | Feudal Age |
| 10:53 | Build | Market |
| 10:57 | Build | Blacksmith |
| 11:51 | Research | Castle Age |
| 12:13 | Build | House |
| 12:45 | Research | Horse Collar |
| 12:47 | Research | Double-Bit Axe |
| 13:02 | Build | Palisade Wall |
| 13:48 | Research | Wheelbarrow |
| 14:31 | Age | Castle Age |
| 14:36 | Build | Town Center |
| 14:44 | Build | Town Center |
| 15:14 | Build | Farm |
| 15:30 | Queue | Villager (Male) |
| 15:30 | Queue | Villager (Male) |
| 15:38 | Queue | Villager (Male) |
| 15:45 | Queue | Villager (Male) |
| 15:52 | Research | Bow Saw |
| 16:03 | Queue | Villager (Male) |
| 16:05 | Queue | Villager (Male) |
| 16:17 | Build | Farm |
| 16:19 | Queue | Villager (Male) |
| 16:22 | Queue | Villager (Male) |
| 16:38 | Queue | Villager (Male) |
| 16:43 | Build | Farm |
| 16:46 | Build | Farm |
| 16:51 | Build | Farm |
| 16:52 | Queue | Villager (Male) |
| 17:17 | Build | Siege Workshop |
| 17:18 | Queue | Villager (Male) |
| 17:21 | Queue | Villager (Male) |
| 17:38 | Build | Farm |
| 17:42 | Queue | Villager (Male) |
| 17:45 | Build | House |
| 17:53 | Queue | Villager (Male) |
| 17:56 | Build | Farm |
| 18:04 | Build | House |
| 18:08 | Queue | Mangonel |
| 18:16 | Build | Farm |
| 18:18 | Queue | Villager (Male) |
| 18:29 | Queue | Villager (Male) |
| 18:32 | Build | Farm |
| 18:33 | Build | Farm |
| 18:42 | Build | House |
| 18:45 | Build | Farm |
| 18:45 | Queue | Villager (Male) |
| 18:54 | Queue | Villager (Male) |
| 19:00 | Build | Barracks |
| 19:09 | Queue | Villager (Male) |
| 19:16 | Build | Farm |
| 19:20 | Build | House |
| 19:21 | Build | House |
| 19:40 | Queue | Villager (Male) |
| 19:41 | Queue | Villager (Male) |
| 19:43 | Queue | Villager (Male) |
| 19:45 | Build | Farm |
| 19:46 | Queue | Villager (Male) |
| 20:03 | Queue | Villager (Male) |
| 20:14 | Build | Mill |
| 20:17 | Queue | Villager (Male) |
| 20:19 | Queue | Villager (Male) |
| 20:22 | Build | House |
| 20:43 | Queue | Villager (Male) |
| 20:44 | Queue | Villager (Male) |
| 20:45 | Build | Farm |
| 20:46 | Build | Farm |
| 20:50 | Build | House |
| 21:00 | Build | Barracks |
| 21:02 | Queue | Villager (Male) |
| 21:03 | Queue | Villager (Male) |
| 21:03 | Queue | Villager (Male) |
| 21:05 | Build | Farm |
| 21:07 | Build | Farm |
| 21:08 | Build | Farm |
| 21:19 | Queue | Villager (Male) |
| 21:21 | Queue | Villager (Male) |
| 21:29 | Build | House |
| 21:34 | Queue | Villager (Male) |
| 21:35 | Queue | Villager (Male) |
| 21:39 | Build | Farm |
| 21:50 | Build | Farm |
| 21:58 | Build | House |
| 21:59 | Queue | Villager (Male) |
| 21:59 | Queue | Villager (Male) |
| 22:00 | Queue | Villager (Male) |
| 22:02 | Queue | Villager (Male) |
| 22:21 | Build | University |
| 22:24 | Build | House |
| 22:25 | Build | House |
| 22:28 | Queue | Villager (Male) |
| 22:29 | Queue | Villager (Male) |
| 22:30 | Queue | Villager (Male) |
| 22:39 | Build | Farm |
| 22:41 | Build | Farm |
| 22:44 | Build | Farm |
| 22:45 | Queue | Villager (Male) |
| 22:46 | Queue | Villager (Male) |
| 22:46 | Queue | Villager (Male) |
| 22:59 | Build | House |
| 22:59 | Build | House |
| 23:04 | Build | Farm |
| 23:19 | Build | Farm |
| 23:20 | Build | Farm |
| 23:21 | Build | Farm |
| 23:31 | Build | Barracks |
| 23:40 | Build | House |
| 23:41 | Build | House |
| 23:51 | Build | House |
| 23:55 | Research | Pikeman (upgrade) |
| 23:56 | Queue | Spearman |
| 23:56 | Queue | Spearman |
| 23:56 | Queue | Spearman |
| 24:08 | Build | Barracks |
Build order — Abraham
First 150 of 437 actions detected
| 0:00 | Queue | Villager (Male) |
| 0:00 | Queue | Villager (Male) |
| 0:01 | Queue | Villager (Male) |
| 0:02 | Build | House |
| 0:04 | Build | House |
| 0:17 | Queue | Villager (Male) |
| 0:27 | Research | Loom |
| 0:32 | Queue | Villager (Male) |
| 0:32 | Queue | Villager (Male) |
| 0:32 | Queue | Villager (Male) |
| 0:33 | Queue | Villager (Male) |
| 0:33 | Queue | Villager (Male) |
| 1:14 | Queue | Villager (Male) |
| 1:14 | Queue | Villager (Male) |
| 1:55 | Build | Lumber Camp |
| 2:05 | Queue | Villager (Male) |
| 2:05 | Queue | Villager (Male) |
| 2:06 | Queue | Villager (Male) |
| 2:39 | Build | House |
| 2:40 | Build | House |
| 2:45 | Queue | Villager (Male) |
| 3:03 | Queue | Villager (Male) |
| 3:58 | Queue | Villager (Male) |
| 4:13 | Build | Mill |
| 4:31 | Queue | Villager (Male) |
| 4:31 | Queue | Villager (Male) |
| 4:32 | Queue | Villager (Male) |
| 4:36 | Queue | Villager (Male) |
| 4:36 | Queue | Villager (Male) |
| 4:59 | Queue | Villager (Male) |
| 5:00 | Queue | Villager (Male) |
| 5:32 | Queue | Villager (Male) |
| 5:47 | Queue | Villager (Male) |
| 6:00 | Queue | Villager (Male) |
| 6:00 | Queue | Villager (Male) |
| 6:07 | Queue | Villager (Male) |
| 6:41 | Queue | Villager (Male) |
| 6:48 | Build | House |
| 6:56 | Build | House |
| 6:58 | Build | House |
| 7:08 | Queue | Villager (Male) |
| 7:32 | Queue | Villager (Male) |
| 8:43 | Research | Feudal Age |
| 8:48 | Build | Mining Camp |
| 9:10 | Queue | Villager (Male) |
| 9:11 | Queue | Villager (Male) |
| 9:30 | Build | Mill |
| 10:13 | Build | Farm |
| 10:17 | Build | Farm |
| 10:20 | Build | Farm |
| 10:22 | Build | Farm |
| 10:57 | Age | Feudal Age |
| 11:00 | Build | Market |
| 11:02 | Build | Blacksmith |
| 11:24 | Queue | Villager (Male) |
| 11:50 | Research | Castle Age |
| 11:50 | Research | Castle Age |
| 11:57 | Build | Farm |
| 11:59 | Build | Farm |
| 12:22 | Research | Double-Bit Axe |
| 12:49 | Build | Farm |
| 13:03 | Research | Horse Collar |
| 13:28 | Build | House |
| 13:29 | Build | House |
| 13:33 | Queue | Villager (Male) |
| 13:57 | Queue | Villager (Male) |
| 14:30 | Age | Castle Age |
| 14:34 | Build | Monastery |
| 14:37 | Queue | Villager (Male) |
| 14:59 | Build | Town Center |
| 15:02 | Queue | Villager (Male) |
| 15:09 | Queue | Villager (Male) |
| 15:11 | Research | Bow Saw |
| 15:19 | Queue | Villager (Male) |
| 15:23 | Queue | Monk |
| 15:41 | Build | House |
| 15:47 | Queue | Villager (Male) |
| 15:59 | Queue | Monk |
| 16:16 | Queue | Villager (Male) |
| 16:18 | Queue | Villager (Male) |
| 16:24 | Queue | Monk |
| 16:25 | Queue | Villager (Male) |
| 16:35 | Queue | Villager (Male) |
| 16:36 | Queue | Villager (Male) |
| 16:36 | Queue | Villager (Male) |
| 16:40 | Build | Farm |
| 16:43 | Build | Farm |
| 16:46 | Build | Farm |
| 16:48 | Build | Farm |
| 16:54 | Queue | Villager (Male) |
| 17:16 | Queue | Villager (Male) |
| 17:18 | Queue | Villager (Male) |
| 17:29 | Queue | Villager (Male) |
| 17:34 | Queue | Villager (Male) |
| 17:40 | Build | Town Center |
| 17:49 | Queue | Villager (Male) |
| 17:50 | Queue | Monk |
| 17:53 | Build | House |
| 18:04 | Queue | Villager (Male) |
| 18:13 | Queue | Villager (Male) |
| 18:15 | Queue | Villager (Male) |
| 18:17 | Build | Farm |
| 18:19 | Build | Farm |
| 18:21 | Build | Farm |
| 18:29 | Queue | Villager (Male) |
| 18:31 | Build | Farm |
| 18:32 | Build | Farm |
| 18:34 | Queue | Villager (Male) |
| 18:38 | Research | Wheelbarrow |
| 18:48 | Queue | Villager (Male) |
| 19:03 | Queue | Villager (Male) |
| 19:06 | Build | Farm |
| 19:06 | Build | Farm |
| 19:06 | Build | Farm |
| 19:07 | Build | Farm |
| 19:11 | Queue | Villager (Male) |
| 19:25 | Queue | Villager (Male) |
| 19:38 | Queue | Villager (Male) |
| 19:43 | Build | Farm |
| 19:56 | Queue | Villager (Male) |
| 19:59 | Build | Siege Workshop |
| 20:00 | Queue | Villager (Male) |
| 20:05 | Queue | Villager (Male) |
| 20:20 | Queue | Villager (Male) |
| 20:27 | Build | Town Center |
| 20:33 | Queue | Villager (Male) |
| 20:45 | Queue | Villager (Male) |
| 20:48 | Queue | Villager (Male) |
| 20:51 | Build | Farm |
| 20:52 | Queue | Villager (Male) |
| 20:57 | Queue | Villager (Male) |
| 20:59 | Build | House |
| 20:59 | Build | House |
| 21:01 | Build | House |
| 21:02 | Build | House |
| 21:03 | Build | House |
| 21:04 | Queue | Villager (Male) |
| 21:05 | Queue | Villager (Male) |
| 21:23 | Queue | Villager (Male) |
| 21:41 | Queue | Mangonel |
| 21:46 | Queue | Villager (Male) |
| 22:01 | Queue | Villager (Male) |
| 22:03 | Queue | Villager (Male) |
| 22:03 | Queue | Villager (Male) |
| 22:09 | Research | Hand Cart |
| 22:16 | Build | Farm |
| 22:21 | Build | Farm |
| 22:23 | Build | Farm |
| 22:24 | Queue | Villager (Male) |
| 22:27 | Build | House |
Build order — SgtEmilio
First 150 of 278 actions detected
| 0:03 | Build | House |
| 0:06 | Build | House |
| 0:10 | Queue | Villager (Male) |
| 0:10 | Queue | Villager (Male) |
| 0:16 | Research | Loom |
| 0:53 | Queue | Villager (Male) |
| 0:53 | Queue | Villager (Male) |
| 0:54 | Queue | Villager (Male) |
| 0:54 | Queue | Villager (Male) |
| 0:54 | Queue | Villager (Male) |
| 1:26 | Build | Lumber Camp |
| 2:02 | Queue | Villager (Male) |
| 2:03 | Queue | Villager (Male) |
| 2:03 | Queue | Villager (Male) |
| 2:31 | Queue | Villager (Male) |
| 3:12 | Build | House |
| 3:39 | Build | Mill |
| 4:12 | Queue | Villager (Male) |
| 4:13 | Queue | Villager (Male) |
| 4:15 | Queue | Villager (Male) |
| 5:02 | Queue | Villager (Male) |
| 5:42 | Queue | Villager (Male) |
| 6:03 | Build | House |
| 6:04 | Build | House |
| 6:22 | Queue | Villager (Male) |
| 6:49 | Queue | Villager (Male) |
| 7:22 | Queue | Villager (Male) |
| 7:24 | Queue | Villager (Male) |
| 7:25 | Queue | Villager (Male) |
| 7:57 | Build | Farm |
| 8:16 | Build | Farm |
| 8:17 | Build | Farm |
| 8:18 | Build | Farm |
| 8:21 | Build | Farm |
| 8:25 | Queue | Villager (Male) |
| 8:30 | Research | Feudal Age |
| 8:42 | Build | Mining Camp |
| 10:42 | Build | Barracks |
| 11:12 | Age | Feudal Age |
| 11:14 | Queue | Villager (Male) |
| 11:14 | Queue | Villager (Male) |
| 11:38 | Build | Blacksmith |
| 11:46 | Queue | Villager (Male) |
| 12:07 | Research | Double-Bit Axe |
| 12:07 | Research | Double-Bit Axe |
| 12:56 | Build | Market |
| 13:15 | Build | Mining Camp |
| 13:20 | Queue | Villager (Male) |
| 13:30 | Research | Stone Mining |
| 13:36 | Research | Castle Age |
| 13:36 | Research | Castle Age |
| 14:02 | Build | House |
| 14:03 | Build | House |
| 14:21 | Research | Gold Mining |
| 14:21 | Research | Gold Mining |
| 14:23 | Research | Horse Collar |
| 14:24 | Research | Horse Collar |
| 15:25 | Build | House |
| 16:08 | Build | House |
| 16:16 | Age | Castle Age |
| 16:21 | Build | Monastery |
| 16:30 | Build | Castle |
| 16:43 | Queue | Villager (Male) |
| 16:43 | Queue | Villager (Male) |
| 16:51 | Build | House |
| 16:55 | Build | House |
| 16:56 | Build | House |
| 17:02 | Queue | Villager (Male) |
| 17:14 | Queue | Monk |
| 17:15 | Queue | Monk |
| 17:41 | Build | House |
| 17:53 | Queue | Rattan Archer |
| 17:53 | Queue | Rattan Archer |
| 18:10 | Research | Bow Saw |
| 18:29 | Queue | Rattan Archer |
| 18:30 | Queue | Rattan Archer |
| 18:32 | Build | Farm |
| 18:33 | Build | Farm |
| 18:44 | Build | Siege Workshop |
| 18:53 | Build | House |
| 18:54 | Build | House |
| 18:56 | Queue | Villager (Male) |
| 18:59 | Build | Farm |
| 18:59 | Queue | Villager (Male) |
| 19:03 | Build | Farm |
| 19:20 | Build | House |
| 19:38 | Queue | Scorpion |
| 19:47 | Build | House |
| 19:49 | Queue | Villager (Male) |
| 19:50 | Build | Farm |
| 20:02 | Queue | Villager (Male) |
| 20:02 | Queue | Villager (Male) |
| 20:05 | Build | Lumber Camp |
| 20:29 | Build | Farm |
| 20:59 | Build | Town Center |
| 21:01 | Queue | Villager (Male) |
| 21:09 | Queue | Villager (Male) |
| 21:14 | Build | House |
| 21:15 | Build | House |
| 21:26 | Queue | Monk |
| 21:27 | Build | Farm |
| 21:32 | Build | Farm |
| 21:36 | Build | House |
| 21:37 | Build | House |
| 21:40 | Queue | Villager (Male) |
| 21:53 | Build | House |
| 22:05 | Queue | Villager (Male) |
| 22:10 | Queue | Villager (Male) |
| 22:10 | Queue | Villager (Male) |
| 22:12 | Build | Farm |
| 22:13 | Build | Farm |
| 22:16 | Build | Farm |
| 22:18 | Queue | Villager (Male) |
| 22:32 | Build | House |
| 22:37 | Build | Farm |
| 22:42 | Build | Farm |
| 22:57 | Build | Farm |
| 23:00 | Queue | Villager (Male) |
| 23:04 | Build | Farm |
| 23:14 | Build | Farm |
| 23:19 | Build | House |
| 23:46 | Queue | Mangonel |
| 23:49 | Build | Farm |
| 23:52 | Build | Farm |
| 23:52 | Build | Farm |
| 23:56 | Queue | Villager (Male) |
| 23:56 | Queue | Villager (Male) |
| 23:57 | Queue | Villager (Male) |
| 23:57 | Queue | Villager (Male) |
| 23:57 | Queue | Villager (Male) |
| 24:01 | Build | Farm |
| 24:50 | Queue | Villager (Male) |
| 24:50 | Queue | Villager (Male) |
| 24:52 | Build | Farm |
| 24:54 | Queue | Villager (Male) |
| 24:58 | Build | Market |
| 25:00 | Build | Farm |
| 25:08 | Queue | Villager (Male) |
| 25:08 | Queue | Villager (Male) |
| 25:13 | Build | Farm |
| 25:27 | Build | Farm |
| 25:29 | Queue | Rattan Archer |
| 25:29 | Queue | Rattan Archer |
| 25:35 | Queue | Rattan Archer |
| 25:54 | Build | Farm |
| 25:54 | Queue | Villager (Male) |
| 25:55 | Queue | Villager (Male) |
| 26:14 | Build | House |
| 26:15 | Queue | Villager (Male) |
| 26:20 | Build | Blacksmith |
Build order — [ECU] Phorcys
First 150 of 317 actions detected
| 0:04 | Build | House |
| 0:05 | Build | House |
| 0:12 | Queue | Villager (Male) |
| 0:13 | Queue | Villager (Male) |
| 0:13 | Queue | Villager (Male) |
| 0:13 | Queue | Villager (Male) |
| 0:13 | Queue | Villager (Male) |
| 0:13 | Queue | Villager (Male) |
| 1:22 | Build | Lumber Camp |
| 1:23 | Queue | Villager (Male) |
| 2:12 | Queue | Villager (Male) |
| 2:13 | Queue | Villager (Male) |
| 2:24 | Queue | Villager (Male) |
| 2:39 | Build | House |
| 2:58 | Queue | Villager (Male) |
| 2:59 | Queue | Villager (Male) |
| 3:15 | Queue | Villager (Male) |
| 3:15 | Queue | Villager (Male) |
| 3:15 | Queue | Villager (Male) |
| 3:37 | Build | Mill |
| 4:05 | Queue | Villager (Male) |
| 4:05 | Queue | Villager (Male) |
| 4:05 | Queue | Villager (Male) |
| 4:54 | Queue | Villager (Male) |
| 4:54 | Queue | Villager (Male) |
| 5:05 | Build | House |
| 5:44 | Queue | Villager (Male) |
| 6:10 | Queue | Villager (Male) |
| 6:24 | Build | Mining Camp |
| 6:30 | Queue | Villager (Male) |
| 7:00 | Queue | Villager (Male) |
| 7:17 | Research | Feudal Age |
| 7:17 | Research | Feudal Age |
| 8:36 | Build | Barracks |
| 8:59 | Queue | Villager (Male) |
| 8:59 | Queue | Villager (Male) |
| 9:27 | Age | Feudal Age |
| 9:33 | Build | Stable |
| 9:55 | Build | Blacksmith |
| 10:49 | Queue | Villager (Male) |
| 11:10 | Research | Castle Age |
| 11:10 | Research | Castle Age |
| 11:37 | Research | Double-Bit Axe |
| 12:11 | Build | Lumber Camp |
| 12:21 | Research | Bloodlines |
| 12:24 | Research | Scale Barding Armor |
| 13:19 | Queue | Villager (Male) |
| 13:34 | Build | House |
| 13:35 | Build | House |
| 13:51 | Age | Castle Age |
| 13:55 | Queue | Knight |
| 13:55 | Queue | Knight |
| 14:03 | Queue | Knight |
| 14:07 | Build | Town Center |
| 14:12 | Queue | Villager (Male) |
| 14:19 | Build | Siege Workshop |
| 14:36 | Queue | Villager (Male) |
| 14:38 | Build | Farm |
| 14:41 | Build | Farm |
| 14:43 | Build | Farm |
| 14:54 | Research | Loom |
| 14:56 | Queue | Knight |
| 15:04 | Build | Farm |
| 15:24 | Build | Farm |
| 15:35 | Queue | Villager (Male) |
| 15:47 | Build | Siege Workshop |
| 16:11 | Build | Farm |
| 16:12 | Build | Farm |
| 16:13 | Build | Farm |
| 16:28 | Build | House |
| 16:30 | Queue | Knight |
| 16:45 | Build | Farm |
| 16:46 | Build | Farm |
| 16:51 | Build | Farm |
| 17:13 | Queue | Villager (Male) |
| 17:17 | Build | Farm |
| 17:24 | Queue | Villager (Male) |
| 17:26 | Build | Farm |
| 17:27 | Build | Farm |
| 17:29 | Build | Farm |
| 17:34 | Build | Farm |
| 17:57 | Queue | Villager (Male) |
| 17:59 | Queue | Knight |
| 17:59 | Queue | Knight |
| 17:59 | Queue | Knight |
| 18:06 | Queue | Mangonel |
| 18:12 | Build | House |
| 18:33 | Queue | Knight |
| 18:35 | Queue | Villager (Male) |
| 18:36 | Queue | Villager (Male) |
| 18:36 | Queue | Villager (Male) |
| 18:54 | Queue | Villager (Male) |
| 18:58 | Build | Outpost |
| 18:58 | Queue | Villager (Male) |
| 18:59 | Queue | Villager (Male) |
| 19:05 | Queue | Knight |
| 19:18 | Queue | Villager (Male) |
| 19:20 | Build | Farm |
| 19:25 | Build | Farm |
| 19:26 | Build | Farm |
| 19:42 | Build | Monastery |
| 19:43 | Queue | Villager (Male) |
| 19:45 | Queue | Knight |
| 19:53 | Queue | Villager (Male) |
| 20:02 | Queue | Villager (Male) |
| 20:03 | Queue | Villager (Male) |
| 20:14 | Queue | Villager (Male) |
| 20:21 | Queue | Battering Ram |
| 20:24 | Queue | Mangonel |
| 20:24 | Queue | Mangonel |
| 20:27 | Build | House |
| 20:28 | Build | House |
| 20:29 | Queue | Villager (Male) |
| 20:29 | Queue | Villager (Male) |
| 20:31 | Queue | Villager (Male) |
| 20:36 | Build | House |
| 20:37 | Build | House |
| 20:41 | Queue | Villager (Male) |
| 20:41 | Queue | Villager (Male) |
| 20:47 | Queue | Monk |
| 21:01 | Build | House |
| 21:02 | Queue | Villager (Male) |
| 21:04 | Queue | Knight |
| 21:07 | Queue | Villager (Male) |
| 21:28 | Build | Outpost |
| 21:30 | Research | Town Watch |
| 21:31 | Queue | Villager (Male) |
| 21:31 | Queue | Villager (Male) |
| 21:31 | Queue | Villager (Male) |
| 21:45 | Queue | Villager (Male) |
| 21:45 | Queue | Villager (Male) |
| 21:46 | Queue | Villager (Male) |
| 21:48 | Queue | Villager (Male) |
| 22:05 | Build | Farm |
| 22:05 | Build | Farm |
| 22:05 | Build | Farm |
| 22:06 | Build | Farm |
| 22:06 | Build | Farm |
| 22:06 | Build | Farm |
| 22:08 | Queue | Villager (Male) |
| 22:18 | Queue | Knight |
| 22:19 | Queue | Knight |
| 22:19 | Queue | Knight |
| 22:30 | Build | House |
| 22:30 | Queue | Villager (Male) |
| 22:50 | Research | Devotion |
| 22:51 | Queue | Villager (Male) |
| 22:51 | Queue | Villager (Male) |
| 23:20 | Build | House |
| 23:21 | Build | House |
Match timeline
| 8:36 | [ECU] Phorcys · first_building Barracks |
| 9:27 | [ECU] Phorcys · age_up feudal |
| 9:33 | [ECU] Phorcys · first_building Stable |
| 10:42 | SgtEmilio · first_building Barracks |
| 10:46 | [ECU]MiTo · age_up feudal |
| 10:57 | Abraham · age_up feudal |
| 11:12 | SgtEmilio · age_up feudal |
| 13:02 | [ECU]MiTo · wall_segment Palisade Wall x1 |
| 13:51 | [ECU] Phorcys · age_up castle |
| 14:19 | [ECU] Phorcys · first_building Siege Workshop |
| 14:30 | Abraham · age_up castle |
| 14:31 | [ECU]MiTo · age_up castle |
| 14:34 | Abraham · first_building Monastery |
| 15:54 | SgtEmilio · first_market_sell 100 wood |
| 15:55 | SgtEmilio · first_market_buy 100 stone |
| 16:16 | SgtEmilio · age_up castle |
| 16:21 | SgtEmilio · first_building Monastery |
| 16:30 | SgtEmilio · first_building Castle |
| 17:17 | [ECU]MiTo · first_building Siege Workshop |
| 18:44 | SgtEmilio · first_building Siege Workshop |
| 19:00 | [ECU]MiTo · first_building Barracks |
| 19:42 | [ECU] Phorcys · first_building Monastery |
| 19:59 | Abraham · first_building Siege Workshop |
| 20:04 | Abraham · first_market_buy 100 stone |
| 23:04 | Abraham · first_building Barracks |
| 24:30 | [ECU]MiTo · wall_segment Palisade Wall x1 |
| 25:34 | [ECU]MiTo · first_market_buy 100 food |
| 25:52 | Abraham · first_building Castle |
| 25:56 | [ECU]MiTo · first_market_sell 100 wood |
| 27:01 | Abraham · first_market_sell 100 wood |
| 29:09 | [ECU]MiTo · age_up imperial |
| 29:35 | [ECU]MiTo · first_building Castle |
| 30:26 | Abraham · age_up imperial |
| 31:49 | [ECU] Phorcys · first_market_sell 100 wood |
| 31:50 | [ECU] Phorcys · first_market_buy 100 stone |
| 32:49 | SgtEmilio · age_up imperial |
| 34:15 | [ECU] Phorcys · age_up imperial |
| 36:02 | [ECU]MiTo · resign |
[ AI ANALYSIS · 1 CREDIT ]
What really happened in this match?
Wolo.gg analyzes every decision: build order, eco, micro, common mistakes by bracket. Personalized analysis on WhatsApp or Discord in 30 seconds.
Civ guide
Bohemians
Perfil
Jugador #3471054